 Dungeon Crawl Stone Soup version bcrawl-1.39.1 (webtiles) character file.

Game seed: 3667020408764045390

548116 zoran the Cleaver (level 16, -10/143 HPs)
             Began as a Minotaur Skald on July 17, 2023.
             Was a High Priest of the Shining One.
             Killed by the raging water
             ... invoked by a water nymph
              (33 damage)
             ... on level 3 of the Shoals on July 18, 2023.
             The game lasted 01:10:10 (25943 turns).

zoran the Cleaver (Minotaur Skald)                 Turns: 25943, Time: 01:10:10

Health: -10/143    AC: 18    Str: 23    XL:     16   Next: 64%
Magic:  22/22      EV: 10    Int: 10    God:    the Shining One [*****.]
Gold:   883        SH:  9    Dex: 14    Spells: 14/19 levels left

rFire    + + +     GDR:     34% R - +6 broad axe "Ygymakh" {venom, +Blink rF++ rN++}
rCold    . . .     SeeInvis .   O - +2 buckler
rNeg     + + +     Gourm    .   Y - +4 chain mail {rF+}
rPois    .         Faith    .   r - +0 hat
rElec    .         Spirit   .   F - +0 cloak
rCorr    +         Reflect  .   P - +0 pair of gloves of Incorporation {+Blink Regen+ Dex+4 Stlth-}
MR       ++...                  (no boots)
Stlth    ..........             d - amulet of magic regeneration
HPRegen  0.73/turn              Q - ring of resist corrosion (curse)
MPRegen  0.52/turn              z - ring of protection from magic

@: glowing, studying Shields, very slow
A: retaliatory headbutt, horns 2
a: Divine Shield, Cleansing Flame, Summon Divine Warrior, Renounce Religion,
Evoke Blink


You were on level 3 of the Shoals.
You worshipped the Shining One.
The Shining One was extremely pleased with you.
You were not hungry.

You visited 4 branches of the dungeon, and saw 22 of its levels.
You also visited: Ice Cave and Volcano.

You collected 3280 gold pieces.
You spent 2397 gold pieces at shops.

Inventory:

Hand Weapons
 B - a +0 blowgun
 H - a +4 scimitar of flaming
 R - the +6 broad axe "Ygymakh" (weapon) {venom, +Blink rF++ rN++}
   (You found it on level 12 of the Dungeon)

   It poisons the flesh of those it strikes.
   It greatly protects you from fire.
   It greatly protects you from negative energy.
   It lets you blink.
Missiles
 k - 3110 poisoned tomahawks (quivered)
 m - 646 javelins of penetration {=f}
 E - 284 poisoned needles
 X - 2450 javelins
Armour
 f - a +0 large shield
 r - a +0 hat (worn)
 F - a +0 cloak (worn)
 O - a +2 buckler (worn)
 P - the +0 pair of gloves of Incorporation (worn) {+Blink Regen+ Dex+4 Stlth-}
   (You found it on level 5 of the Lair of Beasts)

   It affects your dexterity (+4).
   It lets you blink.
   It increases your rate of regeneration.
   It makes you less stealthy.
 Y - a +4 chain mail of fire resistance (worn)
Jewellery
 d - an amulet of magic regeneration (around neck)
 l - an uncursed ring of protection from fire
 z - a ring of protection from magic (right hand)
 Q - a cursed ring of resist corrosion (left hand)
Wands
 w - a wand of polymorph (8)
 y - a wand of iceblast (14)
 C - a wand of digging (11)
 G - a wand of flame (32)
 I - a wand of paralysis (5)
 K - a wand of acid (10)
 U - a wand of charming (18)
Scrolls
 a - 7 scrolls of revelation
 g - 2 scrolls of noise
 h - 2 scrolls of enchant weapon
 i - 3 scrolls of identify
 j - 9 scrolls of remove curse
 q - 4 scrolls of enchant armour
 u - 8 scrolls of amnesia
 J - 7 scrolls of teleportation
 M - 2 scrolls of vulnerability
 S - a scroll of silence
 V - 4 scrolls of blinking
Potions
 b - 2 potions of ambrosia
 n - a potion of heal wounds
 o - 2 potions of agility
 p - 5 potions of mutation
 s - 3 potions of might
 t - 8 potions of flight
 v - 3 potions of haste
 x - 4 potions of curing
 A - 2 potions of magic
 L - 3 potions of lignification
 W - 5 potions of berserk rage
 Z - 2 potions of resistance
Comestibles
 e - 37 rations {!d}
 D - 6 chunks of flesh


   Skills:
 - Level 13.0 Fighting
 - Level 14.0 Long Blades
 + Level 14.4 Axes
 - Level 12.0 Throwing
 - Level 10.0 Armour
 - Level 5.0 Dodging
 - Level 2.0 Stealth
 - Level 10.0 Shields
 - Level 2.0 Spellcasting
 - Level 5.0 Charms
 - Level 10.0 Invocations
 - Level 10.0 Evocations


You had 14 spell levels left.
You knew the following spells:

 Your Spells              Type           Power        Failure   Level  Hunger
s - Swiftness             Chrm/Air       #.......     83%         2    ##.....
u - Song of Slaying       Chrm           ##......     47%         2    ##.....
z - Infusion              Chrm           ##......     34%         1    None

Your spell library contained the following spells:

 Spells                   Type           Power        Failure   Level  Hunger
 Beastly Appendage        Tmut           #.....       95%         1    None
 Magic Dart               Conj           #...         95%         1    None
 Ozocubu's Armour         Chrm/Ice       #.......     96%         3    ####...
 Regeneration             Chrm/Necr      #.........   96%         3    ####...
 Spectral Weapon          Hex/Chrm       #.......     96%         3    ####...
 Ensorcelled Hibernation  Hex/Ice        #.....       99%         2    ##.....
 Passwall                 Tmut/Erth      #.......     99%         2    ##.....
 Searing Ray              Conj           #.......     99%         2    ##.....
 Sticks to Snakes         Tmut           #.......     99%         2    ##.....
 Iskenderun's Mystic Bla  Conj           #.......     100%        3    ####...
 Spider Form              Tmut/Pois      #..          100%        3    ####...
 Fulminant Prism          Conj/Hex       #.........   100%        4    ######.
 Ice Form                 Ice/Tmut       #.......     100%        4    ######.
 Blade Hands              Tmut           #.........   100%        5    #######
 Irradiate                Conj/Tmut      #.........   100%        5    #######
 Borgnjor's Vile Clutch   Necr/Erth      #.........   100%        6    #######
 Darkness                 Hex            #.........   100%        6    #######
 Infestation              Hex/Tmut/Pois  #........    100%        6    #######
 Shadow Creatures         Summ           N/A          100%        7    #######
 Time Stop                Chrm/Tloc      N/A          100%        8    #######


Dungeon Overview and Level Annotations

Branches:
Dungeon (12/12)            Temple (0/1) D:5            Lair (6/6) D:9
  Swamp (0/3) Lair:3       Shoals (3/3) Lair:4        Slime (0/5) Orc
    Orc (1/1) D:10         Vaults (0/3) D:12         Forest (0/3) Lair:6
 Depths (0/5) D:12

Altars:
Elyvilon
Gozag
Hepliaklqana
Xom
The Shining One
Jiyva

Shops:
D:4 %   D:10 *   D:11 *   Orc =(?!*!([

Portals:
Trove: D:8 (give +2 shadow dragon scales)

Annotations:
Lair:1 2 runed translucent doors, foxfromabyss's ghost, novice OgAc
Lair:2 3 runed translucent doors, Mrkan's ghost, journeyman GnWn
Lair:3 2 transporters
Lair:5 2 transporters, polpettosauro's ghost, journeyman HOAc
Lair:6 1 runed translucent door, foxfromabyss's ghost, journeyman GnAc


Innate Abilities, Weirdness & Mutations

You reflexively headbutt those who attack you in melee.
You have a pair of horns on your head.


Message History

The merfolk aquamancer blinks!
The merfolk aquamancer casts a spell.
The merfolk aquamancer blinks!
k - 3110 poisoned tomahawks (gained 138)
You now have 883 gold pieces (gained 49).
Things that are here:
a +0 trident; a merfolk corpse A water nymph comes into view.
The water nymph shouts!
You enter the shallow water.
Moving in this stuff is going to be slow.
The water nymph gestures at you. The torrent of water hits you!!
* * * LOW HITPOINT WARNING * * *
You are knocked back by the torrent of water.
Splash!
The wave splashes down.
The water nymph gestures at you. The water swirls and strikes you!!
You die...

≈≈≈≈)≈≈.#####......≈≈≈≈≈≈≈
≈≈≈≈≈≈≈...#.....)...≈≈.≈≈≈
≈≈≈≈≈≈≈≈........).....≈≈≈≈
≈≈≈≈≈≈≈≈≈≈≈...##.)###.≈≈≈≈
≈≈≈≈≈≈≈≈≈≈....##).##...≈.≈
≈≈≈≈≈≈≈≈≈≈....#........≈≈≈
≈≈≈≈≈≈≈≈≈≈≈.....≈.....≈≈≈≈
≈≈≈≈≈≈≈≈≈≈≈m≈..≈≈≈...≈≈≈≈≈
≈≈≈≈≈≈≈≈≈≈≈..≈≈@≈≈..≈≈≈≈≈
≈≈≈≈≈≈≈≈≈.....≈≈...≈≈≈≈≈
≈≈≈≈≈≈≈≈.....<....≈≈≈≈≈
≈≈≈≈≈≈≈†..##..≈≈≈≈≈≈≈≈
≈≈≈≈≈≈≈..###.≈≈≈≈≈≈≈≈
≈≈≈≈≈≈≈≈.....≈≈≈≈≈≈≈≈
≈≈≈≈≈≈≈≈≈≈..≈≈≈≈≈≈≈≈≈
≈≈≈≈≈≈≈≈≈≈≈≈≈≈≈≈≈≈≈≈≈
≈≈≈≈≈≈≈≈≈≈≈≈≈≈≈≈≈≈≈≈≈


You could see a water nymph.

Vanquished Creatures
  3 apis (Lair:6)
  Kirke (Lair:5)
  An orc warlord (D:7)
  2 merfolk javelineers
  4 merfolk impalers
  A fire dragon (Volcano)
  3 ice dragons
  9 hydras
  Psyche (D:11)
  A merfolk aquamancer (Shoals:2)
  5 ogre magi
  23 two-headed ogres
  A tengu warrior (D:12)
  8 sea snakes
  A deep elf knight (D:12)
  Nergalle (D:9)
  3 centaur warriors
  21 harpies
  Pikel (D:4)
  A wizard (D:12)
  2 wolf spider zombies
  A lindwurm (Lair:6)
  An orc knight (D:12)
  6 deep elf magi (D:12)
  7 manticores
  2 wolf spiders
  An ugly thing (D:11)
  10 fauns
  3 salamanders (Volcano)
  An orc sorcerer (Orc)
  2 water nymphs
  10 elephants
  5 merfolk sirens
  A guardian serpent (Lair:6)
  2 gargoyles
  3 black mambas
  5 torpor snails (Lair:6)
  16 cane toads
  A rime drake (Lair:1)
  2 eyes of draining
  6 komodo dragons
  2 tengu conjurers
  2 polar bears
  5 tyrant leeches
  6 trolls
  3 wind drakes (Shoals:1)
  A meliai (Lair:5)
  Grinder (D:4)
  9 merfolk
  12 hornets (Lair:6)
  A hippogriff (shapeshifter) (D:12)
  15 hippogriffs
  A meliai zombie (D:12)
  Grum (Lair:5)
  9 blink frogs
  10 slime creatures
  7 dream sheep
  2 harpy skeletons
  5 snapping turtles
  Sigmund (D:2)
  4 water elementals
  31 yaks
  19 wyverns
  2 hogs
  A steam dragon (Volcano)
  9 fire bats (Volcano)
  A redback (D:12)
  3 basilisks
  3 hungry ghosts
  2 vampire mosquitoes (D:11)
  An acid dragon (Lair:3)
  A swamp worm (Lair:3)
  14 wargs
  17 crocodiles
  17 water moccasins
  14 porcupines
  11 orc warriors
  A hornet zombie (D:11)
  3 ice beasts
  2 sky beasts
  A necrophage (D:5)
  2 black bears
  3 phantoms
  A slave (D:4)
  39 ogres
  A boggart (D:12)
  6 wolves
  6 bullfrogs
  Blork the orc (D:5)
  7 kobold brigands
  12 centaurs
  2 scorpions
  3 troll zombies (D:10)
  4 killer bees (D:8)
  A wight (D:7)
  5 electric eels
  11 orc priests
  6 howler monkeys
  8 crimson imps
  A quasit (D:6)
  4 hounds
  7 jellies
  11 orc wizards
  2 bullfrog skeletons
  Ijyb (D:5)
  3 iguanas
  10 worker ants
  Natasha (thrice) (D:4)
  Terence (D:3)
  3 ogre zombies (D:10)
  3 hound skeletons
  A worker ant zombie (D:5)
  Robin (D:4)
  A howler monkey skeleton (D:8)
  16 adders
  4 shadow imps
  12 white imps (Lair:1)
  An ooze (D:6)
  An adder zombie (D:4)
  2 adder skeletons
  2 worms (D:2)
  2 dart slugs
  5 leopard geckos
  73 orcs
  4 bats
  8 hobgoblins
  13 jackals
  10 quokkas
  4 frilled lizards
  17 goblins
  2 goblin skeletons (D:10)
  2 goblin zombies (D:10)
  A hobgoblin skeleton (D:10)
  3 hobgoblin zombies (D:10)
  2 jackal skeletons
  26 kobolds
  An orc skeleton (D:10)
  10 orc zombies (D:10)
  A rat (D:3)
  2 fungi (Lair:6)
  24 plants
846 creatures vanquished.

Vanquished Creatures (others)
  An apis (Lair:6)
  A satyr (Lair:6)
  A rime drake (Lair:6)
  3 hornets (Lair:6)
  3 spriggans (Lair:6)
  An orc priest (D:4)
  A worm (D:4)
  A leopard gecko (D:4)
  3 orcs
  A bush (Lair:5)
  3 fungi
  42 plants
  8 tentacles (Shoals:1)
69 creatures vanquished.

Grand Total: 915 creatures vanquished

Notes
Turn   | Place    | Note
-------+----------+-------------------------------------------
     0 | D:1      | zoran the Minotaur Skald began the quest for the Orb.
     0 | D:1      | Reached XP level 1. HP: 18/18 MP: 1/1
   605 | D:2      | Reached XP level 2. HP: 25/25 MP: 3/3
   735 | D:2      | Reached XP level 3. HP: 30/30 MP: 2/4
  1298 | D:2      | Reached skill level 1 in Stealth
  1380 | D:2      | Noticed Sigmund
  1389 | D:2      | Killed Sigmund
  1390 | D:2      | Reached XP level 4. HP: 22/38 MP: 3/6
  1390 | D:2      | Reached XP level 5. HP: 26/45 MP: 3/7
  2107 | D:3      | Learned a level 2 spell: Song of Slaying
  2232 | D:3      | Noticed Grinder
  2556 | D:3      | Reached XP level 6. HP: 52/52 MP: 5/8
  2674 | D:3      | Noticed Terence
  2685 | D:3      | Killed Terence
  3036 | D:3      | Found a hazy altar of Hepliaklqana.
  3459 | D:4      | Noticed Natasha
  3464 | D:4      | Killed Natasha
  3486 | D:4      | Noticed Natasha
  3490 | D:4      | Killed Natasha
  3553 | D:4      | Found Pafer's Food Boutique.
  3580 | D:4      | Paralysed by Grinder for 3 turns
  3583 | D:4      | Killed Grinder
  3584 | D:4      | Reached skill level 5 in Fighting
  3584 | D:4      | Reached XP level 7. HP: 29/61 MP: 7/9
  3683 | D:4      | Noticed Pikel
  3698 | D:4      | Killed Pikel
  3699 | D:4      | Reached skill level 5 in Long Blades
  3699 | D:4      | Reached XP level 8. HP: 29/68 MP: 10/10
  3803 | D:4      | Noticed Robin
  3836 | D:4      | Killed Robin
  3989 | D:4      | Found a glowing golden altar of the Shining One.
  4285 | D:4      | Noticed Natasha
  4290 | D:4      | Killed Natasha
  4291 | D:4      | Reached skill level 5 in Armour
  4434 | D:4      | Became a worshipper of the Shining One
  4437 | D:4      | Reached skill level 5 in Dodging
  4757 | D:5      | Entered Level 5 of the Dungeon
  4940 | D:5      | Reached skill level 5 in Charms
  4991 | D:5      | Found a staircase to the Ecumenical Temple.
  4996 | D:5      | Noticed Ijyb
  5002 | D:5      | Killed Ijyb
  5067 | D:5      | Reached skill level 1 in Invocations
  5067 | D:5      | Reached skill level 1 in Evocations
  5336 | D:5      | Reached XP level 9. HP: 74/74 MP: 11/11
  5366 | D:5      | Noticed Blork the orc
  5372 | D:5      | Killed Blork the orc
  5892 | D:6      | Noticed a tengu conjurer
  5897 | D:6      | Killed a tengu conjurer
  6030 | D:6      | Reached skill level 5 in Invocations
  6077 | D:6      | Reached * piety under the Shining One
  6096 | D:6      | Reached skill level 5 in Evocations
  6716 | D:7      | Reached XP level 10. HP: 21/88 MP: 9/12
  7085 | D:7      | Found an opulent altar of Gozag.
  7233 | D:7      | Reached ** piety under the Shining One
  7681 | D:7      | Noticed an orc warlord
  7684 | D:7      | Noticed an ogre mage
  7814 | D:8      | Noticed Maurice
  7817 | D:8      | Noticed Maurice
  7817 | D:8      | Maurice changed into Maurice the jelly
  7824 | D:8      | Killed Maurice the jelly
  7986 | D:8      | Noticed Erica
  7988 | D:8      | Noticed Erica
  7988 | D:8      | Erica changed into Erica the faun
  7993 | D:8      | Killed Erica the faun
  7994 | D:8      | Reached skill level 10 in Fighting
  8356 | D:8      | Noticed Joseph
  8359 | D:8      | Noticed Joseph
  8359 | D:8      | Joseph changed into Joseph the hog
  8365 | D:8      | Killed Joseph the hog
  8700 | D:8      | Found a portal to a secret trove of treasure.
  8876 | D:8      | Found a shimmering altar of Xom.
  9078 | D:9      | Noticed a gargoyle
  9088 | D:8      | Reached skill level 10 in Long Blades
  9093 | D:8      | Killed a gargoyle
  9094 | D:8      | Reached XP level 11. HP: 53/100 MP: 10/13
  9184 | D:9      | Noticed a white ugly thing
  9238 | D:8      | Learned a level 2 spell: Swiftness
  9290 | D:9      | Noticed Nergalle
  9303 | D:9      | Killed Nergalle
  9432 | D:9      | Found a staircase to the Lair.
  9483 | D:7      | Reached skill level 1 in Throwing
  9669 | D:7      | Killed an orc warlord
 10087 | Lair:1   | Entered Level 1 of the Lair of Beasts
 10365 | Lair:1   | Reached *** piety under the Shining One
 10367 | Lair:1   | Found a frozen archway.
 10395 | Lair:1   | Got a polished leather armour
 10402 | Lair:1   | Reached **** piety under the Shining One
 10413 | IceCv    | Entered an ice cave
 10724 | Lair:1   | Reached skill level 5 in Throwing
 11022 | Lair:1   | Found a large runed translucent door.
 11023 | Lair:1   | Found a large runed translucent door.
 11026 | Lair:1   | Noticed foxfromabyss's ghost (novice OgAc)
 11483 | Lair:2   | Found a runed translucent gate.
 11483 | Lair:2   | Found a runed translucent gate.
 11749 | Lair:2   | Found a runed translucent gate.
 11787 | Lair:2   | Received a gift from the Shining One
 11806 | Lair:2   | Reached XP level 12. HP: 73/112 MP: 14/14
 11890 | Lair:2   | Noticed Mrkan's ghost (journeyman GnWn)
 12037 | Lair:2   | Reached skill level 1 in Shields
 12474 | Lair:3   | Identified the +3 leather armour of Creativity {Dex+4} (You
                  | found it on level 1 of the Lair of Beasts)
 12806 | Lair:3   | Got a fading leather armour
 12820 | Lair:3   | Found a transporter.
 12858 | Lair:3   | Got a fine iron ring
 12921 | Lair:3   | Found a transporter.
 13041 | Lair:3   | Noticed an eight-headed hydra
 13050 | Lair:3   | Killed a five-headed hydra
 13127 | Lair:3   | Noticed a four-headed hydra
 13136 | Lair:3   | Killed a two-headed hydra
 13170 | Lair:3   | Found a staircase to the Swamp.
 13266 | Lair:3   | Noticed a four-headed hydra
 13274 | Lair:3   | Killed a one-headed hydra
 13275 | Lair:3   | Reached skill level 5 in Shields
 13464 | Lair:4   | Noticed a six-headed hydra
 13469 | Lair:4   | Killed a three-headed hydra
 13690 | Lair:4   | Noticed a four-headed hydra
 13698 | Lair:4   | Killed a one-headed hydra
 14387 | Lair:4   | Found a staircase to the Shoals.
 14712 | Lair:5   | Got a pair of slimy gloves
 14718 | Lair:5   | Identified the +0 pair of gloves of Incorporation {+Blink
                  | Regen+ Dex+4 Stlth-} (You found it on level 5 of the Lair
                  | of Beasts)
 14819 | Lair:5   | Noticed Grum
 14826 | Lair:5   | Killed Grum
 14847 | Lair:5   | Noticed an eight-headed hydra
 14857 | Lair:5   | Killed a three-headed hydra
 14968 | Lair:5   | Found a transporter.
 14970 | Lair:5   | Found a transporter.
 14970 | Lair:5   | Noticed polpettosauro's ghost (journeyman HOAc)
 15025 | Lair:5   | Reached XP level 13. HP: 111/118 MP: 15/15
 15082 | Lair:5   | Noticed Sonja
 15084 | Lair:5   | Noticed Sonja
 15084 | Lair:5   | Sonja changed into Sonja the meliai
 15087 | Lair:5   | Killed Sonja the meliai
 15529 | Lair:5   | Noticed Kirke
 16596 | D:10     | Entered Level 10 of the Dungeon
 16822 | D:10     | Received a gift from the Shining One
 16989 | D:10     | Received a gift from the Shining One
 17000 | D:10     | Reached ***** piety under the Shining One
 17033 | D:10     | Received a gift from the Shining One
 17034 | D:10     | Found a staircase to the Orcish Mines.
 17608 | D:10     | Found Xaxtoff's Assorted Antiques.
 17614 | D:10     | Bought a scroll of identify for 56 gold pieces
 17614 | D:10     | Bought a glowing buckler for 210 gold pieces
 17614 | D:10     | Bought a sedimented red potion for 25 gold pieces
 17614 | D:10     | Bought a scroll of blinking for 210 gold pieces
 17614 | D:10     | Bought a scroll of teleportation for 84 gold pieces
 17631 | D:10     | Identified the +3 leather armour "Fajunoiz" {rF++} (You
                  | found it on level 3 of the Lair of Beasts)
 17643 | D:10     | Identified the cursed ring "Goitt" {Fire rN+ Int-2 SInv}
                  | (You found it on level 3 of the Lair of Beasts)
 17905 | D:11     | Noticed Psyche
 17912 | D:11     | Killed Psyche
 18206 | D:11     | Reached skill level 10 in Throwing
 18330 | D:11     | Reached ****** piety under the Shining One
 18381 | D:11     | Found Obbobumu's Assorted Antiques.
 18394 | D:11     | Bought a scroll of identify for 48 gold pieces
 18394 | D:11     | Bought a scroll of identify for 48 gold pieces
 18394 | D:11     | Bought a metallic inky potion for 21 gold pieces
 18394 | D:11     | Bought an ivory wand for 96 gold pieces
 18394 | D:11     | Bought a shiny fluorescent wand for 96 gold pieces
 18394 | D:11     | Bought 2 potions of haste for 480 gold pieces
 18394 | D:11     | Bought a scroll of blinking for 180 gold pieces
 18458 | D:12     | Entered Level 12 of the Dungeon
 18478 | D:12     | Received a gift from the Shining One
 18708 | D:12     | Received a gift from the Shining One
 18759 | D:12     | Found a staircase to the Depths.
 19011 | D:12     | Reached XP level 14. HP: 119/127 MP: 17/17
 19041 | D:12     | Found a white marble altar of Elyvilon.
 19130 | D:12     | Received a gift from the Shining One
 19282 | D:12     | Got a bone broad axe
 19587 | D:12     | Found a gate to the Vaults.
 19636 | D:12     | Identified the +6 broad axe "Ygymakh" {venom, +Blink rF++
                  | rN++} (You found it on level 12 of the Dungeon)
 19722 | Orc      | Entered the Orcish Mines
 19722 | Orc      | Found Upuasewkuu's Weapon Emporium.
 19807 | Orc      | Found Gaonopn's Jewellery Shop.
 19985 | Orc      | Found a viscous altar of Jiyva.
 20075 | Orc      | Found Nihe's Antique Armour Boutique.
 20101 | Orc      | Found a staircase to the Slime Pits.
 20309 | Orc      | Reached skill level 10 in Armour
 20311 | Orc      | Received a gift from the Shining One
 20402 | Orc      | Found Xuopligu's Antique Weapon Boutique.
 20603 | Orc      | Found Qeusoad's Distillery.
 20603 | Orc      | Found Riostu's Distillery.
 20604 | Orc      | Found Aqi Gyot's Magic Scroll Shop.
 20604 | Orc      | Found Qosatwu's General Store.
 20643 | Orc      | Bought a potion of berserk rage for 51 gold pieces
 20644 | Orc      | Bought a scroll of acquirement for 624 gold pieces
 20645 | Orc      | Bought a wand of iceblast (6) for 168 gold pieces
 21047 | Lair:5   | Killed Kirke
 21206 | Lair:6   | Entered Level 6 of the Lair of Beasts
 21206 | Lair:6   | Found a runed translucent door.
 21206 | Lair:6   | Noticed foxfromabyss's ghost (journeyman GnAc)
 21207 | Lair:6   | Found a dark tunnel.
 21212 | Lair:6   | Received a gift from the Shining One
 21230 | Lair:6   | Reached XP level 15. HP: 104/135 MP: 20/20
 21331 | Volcano  | Entered a volcano
 21723 | Lair:6   | Received a gift from the Shining One
 22251 | Lair:6   | Reached skill level 10 in Invocations
 22308 | Lair:6   | Noticed an apis
 22324 | Lair:6   | Killed an apis
 22432 | Lair:6   | Reached skill level 10 in Evocations
 22509 | Lair:6   | Noticed an apis
 22510 | Lair:6   | Found a staircase to the Spriggan Forest.
 22510 | Lair:6   | Noticed an apis
 22510 | Lair:6   | Noticed an apis
 22510 | Lair:6   | Received a gift from the Shining One
 22516 | Lair:6   | Killed an apis
 22517 | Lair:6   | Reached skill level 10 in Shields
 22517 | Lair:6   | Killed an apis
 22518 | Lair:6   | Killed an apis
 22519 | Lair:6   | Reached skill level 5 in Axes
 23014 | Lair:6   | Found a runed door.
 23825 | Shoals:1 | Entered Level 1 of the Shoals
 24236 | Shoals:1 | Reached XP level 16. HP: 102/143 MP: 22/22
 24365 | Shoals:1 | Received a gift from the Shining One
 24393 | Shoals:1 | Reached skill level 10 in Axes
 24594 | Shoals:1 | Noticed a kraken
 24849 | Shoals:2 | Received a gift from the Shining One
 25717 | Shoals:3 | Entered Level 3 of the Shoals
 25943 | Shoals:3 | Killed from afar by a water nymph

Skill      XL: |  1  2  3  4  5  6  7  8  9 10 11 12 13 14 15 16 |
---------------+-------------------------------------------------+-----
Axes           | 3 9 14 | 14.4
Armour         | 2 3 4 5 6 8 10 | 10.0
Stealth        | 2 |  2.0
Fighting       | 3 5 7 10 12 13 | 13.0
Long Blades    | 3 4 5 10 12 14 | 14.0
Dodging        | 3 4 5 |  5.0
Spellcasting   | 2 |  2.0
Charms         | 3 5 |  5.0
Invocations    | 2 5 6 8 10 | 10.0
Evocations     | 2 5 8 10 | 10.0
Throwing       | 5 6 10 11 12 | 12.0
Shields        | 8 10 | 10.0

Action                   |  1- 3 |  4- 6 |  7- 9 | 10-12 | 13-15 | 16-18 || total
-------------------------+-------+-------+-------+-------+-------+-------++-------
Melee: War axe           |    66 |       |       |       |       |       ||    66
       Headbutt          |     8 |    11 |    33 |    77 |   254 |    52 ||   435
       Falchion          |       |    95 |   219 |   245 |   111 |       ||   670
       Scimitar          |       |       |       |   241 |   776 |       ||  1017
       Broad axe         |       |       |       |       |    69 |   174 ||   243
Throw: Tomahawk          |       |       |       |    80 |   162 |   101 ||   343
       Javelin           |       |       |       |       |    25 |       ||    25
 Cast: Infusion          |    13 |    15 |    16 |    35 |    16 |       ||    95
       Song of Slaying   |       |       |     5 |     4 |     4 |       ||    13
Invok: Divine Shield     |       |       |       |    11 |    11 |     2 ||    24
Evoke: Wand              |       |       |       |    16 |    14 |     2 ||    32
  Use: Scroll            |     5 |     2 |     5 |    11 |    14 |     1 ||    38
       Potion            |       |       |     1 |     5 |     3 |     5 ||    14
  Eat: Chunk             |     4 |    10 |    15 |    36 |    47 |     5 ||   117
       Ration            |       |       |       |     2 |     2 |     2 ||     6
Armor: Leather armour    |     2 |       |       |       |       |       ||     2
       Ring mail         |    17 |    31 |    54 |   115 |    23 |       ||   240
       Plate armour      |       |       |       |       |   158 |       ||   158
       Chain mail        |       |       |       |       |    87 |   106 ||   193
Dodge: Dodged            |    41 |    61 |   128 |   248 |   257 |    97 ||   832
Block: Other             |       |       |    23 |    71 |       |       ||    94
       Buckler           |       |       |       |    20 |   649 |   151 ||   820
